 Dungeon Crawl Stone Soup version 0.31-a0-845-g9abc20d24f (webtiles) character file.

Game seed: 4228106553306539177

27373 demibob the Black Belt (level 13, -1/99 HPs)
             Began as a Green Draconian Chaos Knight on Oct 2, 2023.
             Was a Plaything of Xom.
             Slain by a skyshark (8 damage)
             ... on level 3 of the Lair of Beasts.
             The game lasted 00:19:12 (12001 turns).

demibob the Black Belt (DrCK)                      Turns: 12001, Time: 00:19:13

Health: -1/99      AC: 12    Str: 15    XL:     13   Next: 4%
Magic:  13/13      EV: 17    Int: 12    God:    Xom [....*.]
Gold:   891        SH:  5    Dex: 16    Spells: 12/12 levels left

rFire   . .          .
                       - Unarmed
rCold   . . .        (no shield)
rNeg    . . .        (body armour unavailable)
rPois   +            (helmet currently unavailable)
rElec   .            s - melded +0 cloak
rCorr   .            (gloves currently unavailable)
SInv    .            d - melded +1 pair of boots
Will    .....        b - amulet of reflection
Stlth   +            T - +4 ring of protection
HPRegen 0.36/turn    Y - +4 ring of slaying
MPRegen 0.13/turn

%: random rage (9%), reflection
@: short of breath, beast-form, on berserk cooldown
A: beast (slay +4), breathe noxious fumes, AC +8, unfitting armour, poison
resistance, cold-blooded, stinger 2, talons 1, berserk 2, teleportitis 1
a: Breathe Noxious Fumes, Begin Untransformation, Renounce Religion


You were on level 3 of the Lair of Beasts.
You worshipped Xom.
You were a beloved toy of Xom.
You were a hulking beast.
You visited 2 branches of the dungeon, and saw 13 of its levels.
You also visited: Sewer.

You collected 891 gold pieces.


Innate Abilities, Weirdness & Mutations

You are a hulking beast.
Your limbs bulge with bestial killing power. (Slay +4)
You can breathe blasts of noxious fumes.
Your lurid green scales are hard. (AC +8)
You cannot fit into any form of body armour.
Your system is resistant to poisons. (rPois)
You are cold-blooded and may be slowed by cold attacks.
Your tail ends in a sharp venomous barb.
You have sharp toenails.
You have an uncontrollable temper.
You are occasionally teleported next to monsters.


   Skills:
 - Level 4.5 Fighting
 - Level 10.1 Dodging
 + Level 17.5 Unarmed Combat
 + Level 7.4 Shapeshifting


You had 12 spell levels left.
You didn't know any spells.
Your spell library contained the following spells:

 Spells                   Type           Power      Damage    Failure   Level
 Apportation              Tloc           0%         N/A       32%         1
 Necrotise                Necr           0%         1d4       32%         1
 Sandblast                Erth           0%         2d4       32%         1
 Summon Small Mammal      Summ           0%         N/A       32%         1
 Passwall                 Tmut/Erth      0%         N/A       45%         2
 Sublimation of Blood     Necr           0%         N/A       45%         2
 Call Canine Familiar     Summ           0%         N/A       69%         3
 Inner Flame              Hex/Fire       0%         N/A       69%         3
 Stone Arrow              Conj/Erth      0%         3d7       69%         3
 Summon Guardian Golem    Hex/Summ       0%         N/A       69%         3
 Tukima's Dance           Hex            0%         N/A       69%         3
 Brom's Barrelling Bould  Conj/Erth      0%         2d3       97%         4
 Flame Wave               Conj/Fire      0%         2d4       97%         4
 Passage of Golubria      Tloc           0%         N/A       97%         4
 Petrify                  Tmut/Erth      0%         N/A       97%         4
 Sticky Flame             Conj/Fire      0%         2d3       97%         4
 Irradiate                Conj/Tmut      0%         3d11      100%        5
 Yara's Violent Unravell  Hex/Tmut       0%         3d3       100%        5
 Conjure Ball Lightning   Conj/Air       0%         3x3d6     100%        6
 Orb of Destruction       Conj           0%         9d5       100%        7
 Spellforged Servitor     Conj/Summ      0%         N/A       100%        7
 Discord                  Hex            0%         N/A       100%        8
 Disjunction              Tloc           0%         N/A       100%        8

Inventory:

Missiles
 c - 2 silver javelins
 x - 3 throwing nets {=f}
Armour
 d - a +1 pair of boots (melded)
 s - a +0 cloak (melded)
Jewellery
 b - an amulet of reflection (around neck)
 e - an amulet of the acrobat
 v - a ring of see invisible
 E - a +5 ring of evasion
 R - a ring of resist corrosion
 T - a +4 ring of protection (left hand)
 W - a ring of willpower
 Y - a +4 ring of slaying (right hand)
Talismans
 y - a beast talisman (active)
Wands
 m - a wand of iceblast (13)
 p - a wand of mindburst (8)
 t - a wand of flame (13)
Scrolls
 a - 3 scrolls of identify {@r1}
 f - 4 scrolls of teleportation {@r2}
 i - 2 scrolls of fear
 k - a scroll of revelation
 l - a scroll of poison
 n - a scroll of amnesia
 o - 2 scrolls of vulnerability
 u - 2 scrolls of summoning
Potions
 g - 5 potions of curing {@q1}
 j - 3 potions of brilliance
 q - a potion of might
 r - a potion of resistance
 w - 2 potions of ambrosia
 z - 2 potions of heal wounds {@q2}
 A - a potion of haste {@q3}
 B - a potion of berserk rage {!q}
 C - a potion of lignification
Miscellaneous
 h - a box of beasts

Dungeon Overview and Level Annotations

Branches:
Dungeon (10/15)            Temple (0/1) D:6            Lair (3/5) D:10
  Snake (0/4) Lair:2        Sewer (visited)
  Swamp: Lair:2-3    Shoals: Lair:2-3       Orc: D:9-12

Altars:
Dithmenos
Fedhas
Makhleb
Wu Jian
Xom
The Shining One

Shops:
D:2 :

Annotations:
D:4 Kurtz's ghost, amateur OpFi
Lair:1 2 transporters, Nyony's ghost, journeyman TrSh

...#.. ....: .....##
## ...#.#
.☼F..P.#P#### .#..#
#.F.........### ...#
##.☼..........##. #.##
#...§........... ##
#....☼.......... #
#....l......# #
#.....h...P.# . #
####......### #.. #
##.......# .. . #
#P......###.#... # ###
#P.............. ###.#
#####..............
...##
###.###......#####P..
....# #........†....#
P
....#####.....<....†##


You could see a skyshark (berserk) and 2 blink frogs.


Message History

* * * LOW HITPOINT WARNING * * *
You block the skyshark's attack. The skyshark barely misses you.
You are too injured to fight recklessly!
You are too injured to fight recklessly!
You are too injured to fight recklessly!
Unknown command.
You pummel the skyshark!!
The skyshark is moderately wounded.
A blink frog comes into view.
The skyshark bites you!
* * * LOW HITPOINT WARNING * * *
The skyshark tail-slaps you.
* * * LOW HITPOINT WARNING * * *
The skyshark tail-slaps you!
* * * LOW HITPOINT WARNING * * *
Use which ability? (? or * to list)
Aiming: Breathe Noxious Fumes (2% risk of failure)
Press: ? - help, Shift-Dir - straight line, f - skyshark
Aim: a skyshark (moderately wounded, berserk, 74% to hit)
You exhale a blast of noxious fumes.
The blast of choking fumes hits the skyshark but does no damage.
The skyshark is moderately wounded.
The blast of choking fumes hits the blink frog.
The blink frog is lightly wounded.
The skyshark is engulfed in noxious fumes.
The skyshark bites you!
* * * LOW HITPOINT WARNING * * *
The skyshark closely misses you. The skyshark tail-slaps you!
You die...
Xom chortles!

Skill      XL: |  1  2  3  4  5  6  7  8  9 10 11 12 |
---------------+-------------------------------------+-----
Unarmed Combat | 4 6 8 9 12 13 14 16 17 | 17.5
Dodging        | 5 8 10 | 10.1
Fighting       | 4 |  4.5
Shapeshifting  | 2 7 |  7.4

Action                     |  1- 3 |  4- 6 |  7- 9 | 10-12 | 13-15 || total
---------------------------+-------+-------+-------+-------+-------++-------
  Melee: Unarmed           |   131 |   168 |   283 |   385 |    11 ||   978
         Tailslap          |     9 |    10 |    49 |    71 |     1 ||   140
         Punch             |     2 |     6 |    19 |    47 |     1 ||    75
         Kick              |       |       |       |    64 |     6 ||    70
Ability: Breathe Noxious F |       |       |     9 |    15 |     1 ||    25
  Evoke: Wand              |       |     2 |       |     2 |       ||     4
    Use: Scroll            |     5 |     4 |     7 |    10 |       ||    26
         Potion            |     2 |     1 |     1 |     2 |       ||     6
   Stab: Sleeping          |       |     2 |       |       |       ||     2
         Confused          |       |       |     6 |     8 |       ||    14
         Paralysed         |       |       |     1 |       |       ||     1
         Distracted        |       |       |     1 |     1 |       ||     2
 Armour: Skin              |    98 |    88 |   118 |   156 |    12 ||   472
  Dodge: Dodged            |   108 |    97 |   165 |   211 |     7 ||   588
  Block: Other             |       |    13 |    55 |    63 |     4 ||   135
         Reflection        |       |       |     1 |     6 |       ||     7
   Form: Beast             |       |       |       |     1 |       ||     1

Levels and vault maps discovered:
D:1:      psy_arrival_conway, layout_basic
D:2:      layout_rooms, basic_altar, serial_shops, shop,
          chequers_serial_rivers_large_b, uniq_jessica, uniq_robin
D:3:      layout_basic, ebering_ecumenical_altar_rust,
          cheibrodos_sewer_entry_sluice, serial_bayou_lagoon_a,
          minmay_large_rounded_square
D:4:      layout_loops_cross, gammafunk_temple_overflow_elements,
          gammafunk_ghost_smash, chequers_serial_rivers_micro_a
D:5:      layout_rooms, nicolae_overflow_two_pavilions
D:6:      layout_cave_pools, minmay_temple_entry_hall,
          nicolae_elevator_lobby_plus
D:7:      layout_basic, serial_undead, serial_undead_d, serial_undead_e,
          serial_undead_c, serial_undead_c, serial_undead_c, serial_undead_f,
          serial_undead_d, serial_undead_e, serial_undead_d, serial_undead_c
D:8:      layout_gridville, minmay_quadrilaterals, uniq_pikel, uniq_maurice,
          uniq_erica, uniq_joseph
D:9:      layout_stronghold, uniq_harold
D:10:     layout_long_grid, hellmonk_lair_entry_icy, nicolae_titane
Lair:1:   layout_chaotic_city, gammafunk_ghost_abyssal_escape,
          columned_hall_lemuel, st_stairs_13
Lair:2:   layout_regular_city, nicolae_snake_entry_squirm,
          infiniplex_staircase_pool, uniq_sonja
Lair:3:   wad_woods_04, layout_gridlike, minmay_swamp_entry_worms,
          patterned_corridor, serial_bayou_shore_a

Notes
Turn   | Place    | Note
-------+----------+-------------------------------------------
     0 | D:1      | demibob the Draconian Chaos Knight began the quest for the
                  | Orb.
     0 | D:1      | Reached XP level 1. HP: 19/19 MP: 1/1
   239 | D:1      | Reached XP level 2. HP: 15/26 MP: 2/2
   369 | D:1      | XOM: silly message
   424 | D:1      | XOM: divination: detect creatures
   524 | D:1      | XOM: divination: magic mapping
   633 | D:1      | XOM: 3-stop teleportation journey
   856 | D:1      | XOM: noise
   940 | D:2      | Reached skill level 4 in Unarmed Combat
   994 | D:2      | Reached XP level 3. HP: 31/31 MP: 3/3
  1112 | D:2      | XOM is BORED!
  1112 | D:2      | XOM: give mutations
  1112 | D:2      | Gained mutation: You sometimes lose your temper in combat.
                  | [Xom's mischief]
  1112 | D:2      | Gained mutation: You are occasionally teleported next to
                  | monsters. [Xom's mischief]
  1112 | D:2      | Gained mutation: You have an uncontrollable temper. [Xom's
                  | mischief]
  1112 | D:2      | Gained mutation: You have sharp toenails. [Xom's mischief]
  1132 | D:2      | XOM: god gift: 2 silver javelins
  1157 | D:2      | XOM: cloud trail
  1192 | D:2      | Found a blossoming altar of Fedhas.
  1194 | D:2      | Noticed Robin
  1213 | D:2      | HP: 3/31 [goblin/+0 club[Robin] (6)]
  1215 | D:2      | Killed Robin
  1413 | D:2      | Reached XP level 4. HP: 38/38 MP: 4/4
  1445 | D:2      | Noticed Jessica
  1454 | D:2      | Killed Jessica
  1455 | D:2      | Reached skill level 5 in Unarmed Combat
  1660 | D:2      | Found Loyrgh's Book Shoppe.
  1837 | D:3      | XOM: divination: detect items
  1888 | D:3      | Found a glowing drain.
  1905 | Sewer    | Entered a sewer
  2063 | Sewer    | Noticed Pargi
  2063 | Sewer    | XOM: enchant monster (good)
  2070 | Sewer    | XOM: summons friendly quasit
  2077 | Sewer    | Killed Pargi
  2078 | Sewer    | Reached skill level 6 in Unarmed Combat
  2078 | Sewer    | Reached XP level 5. HP: 39/45 MP: 5/5
  2140 | D:3      | XOM: god gift: amulet of the acrobat
  2283 | D:3      | Found a faded altar of an unknown god.
  2544 | D:3      | You fall into a shaft and drop 1 floor!
  2675 | D:4      | XOM: god gift: 6 stones
  2711 | D:4      | Found a glowing golden altar of the Shining One.
  2711 | D:4      | Found a shadowy altar of Dithmenos.
  2801 | D:4      | XOM: 2-stop teleportation journey
  2810 | D:4      | XOM: scenery: summon butterflies
  2903 | D:4      | Reached XP level 6. HP: 51/51 MP: 6/6
  2960 | D:4      | Found a transporter.
  2962 | D:4      | Noticed Kurtz's ghost (amateur OpFi)
  2963 | D:4      | Found a transporter.
  3071 | D:4      | XOM: 2-stop teleportation journey
  3079 | D:4      | Reached skill level 7 in Unarmed Combat
  3287 | D:4      | XOM: 3-stop teleportation journey
  3447 | D:4      | XOM: cloud trail
  3926 | D:5      | Entered Level 5 of the Dungeon
  3970 | D:4      | XOM: destruction
  4024 | D:5      | XOM: cast spell 'Death Channel'
  4025 | D:5      | Reached skill level 8 in Unarmed Combat
  4029 | D:5      | Your scales start taking on a lurid green colour.
  4029 | D:5      | Reached XP level 7. HP: 54/57 MP: 7/7
  4029 | D:5      | Gained mutation: Your system is resistant to poisons.
                  | (rPois) [Green Draconian growth]
  4091 | D:5      | XOM: summons 4 friendly demons
  4123 | D:5      | XOM: 1-stop teleportation journey
  4128 | D:5      | Reached skill level 9 in Unarmed Combat
  4442 | D:5      | Found an ornate altar of the Wu Jian Council.
  4442 | D:5      | Found a burning altar of Makhleb.
  4569 | D:6      | Reached XP level 8. HP: 63/63 MP: 8/8
  4575 | D:6      | Reached skill level 10 in Unarmed Combat
  4745 | D:6      | XOM: silly message
  4838 | D:6      | Reached skill level 11 in Unarmed Combat
  4923 | D:6      | Found a staircase to the Ecumenical Temple.
  5024 | D:6      | XOM: summons 1 hostile shadow creature
  5087 | D:6      | XOM: summons 5 hostile demons
  5089 | D:6      | XOM: polymorph quasit -> lemure
  5314 | D:7      | XOM: chaos cloud
  5324 | D:7      | XOM: chaos upgrade
  5339 | D:7      | Reached skill level 12 in Unarmed Combat
  5353 | D:7      | Reached XP level 9. HP: 38/70 MP: 9/9
  5417 | D:7      | XOM: god gift: runed great mace {god gift}
  5434 | D:7      | XOM: 2-stop teleportation journey
  5497 | D:7      | XOM: scenery: create altars
  5513 | D:7      | XOM: 1-stop teleportation journey
  5518 | D:7      | Reached skill level 3 in Dodging
  5543 | D:7      | XOM: 3-stop teleportation journey
  5551 | D:7      | XOM: blink monster(s)
  5588 | D:7      | Reached skill level 4 in Dodging
  5588 | D:7      | XOM: enchant monster (bad)
  5870 | D:7      | Reached skill level 5 in Dodging
  5870 | D:7      | Reached skill level 13 in Unarmed Combat
  6066 | D:7      | XOM: cloud trail
  6246 | D:7      | XOM: noise
  6316 | D:8      | Noticed Maurice
  6319 | D:8      | XOM: silly message
  6326 | D:8      | Killed Maurice
  6358 | D:8      | Reached XP level 10. HP: 64/77 MP: 10/10
  6368 | D:8      | Reached skill level 6 in Dodging
  6416 | D:8      | Noticed Pikel
  6418 | D:8      | XOM: swap monsters
  6425 | D:8      | Killed Pikel
  6489 | D:8      | XOM: 7-stop teleportation journey
  6523 | D:8      | Noticed a two-headed ogre
  6533 | D:8      | Killed a two-headed ogre
  6620 | D:8      | Noticed Erica
  6636 | D:8      | Killed Erica
  6637 | D:8      | Reached skill level 7 in Dodging
  6637 | D:8      | Reached skill level 14 in Unarmed Combat
  6669 | D:8      | XOM: stat loss: -1 Int (11/12)
  6959 | D:8      | Noticed Joseph
  6978 | D:8      | Killed Joseph
  6979 | D:8      | Identified a potion of resistance
  7210 | D:8      | Reached skill level 8 in Dodging
  7259 | D:8      | XOM: give mutations
  7259 | D:8      | Gained mutation: You do not regenerate when monsters are
                  | visible. [Xom's mischief]
  7259 | D:8      | Gained mutation: Your tail ends in a venomous barb. [Xom's
                  | mischief]
  7259 | D:8      | Lost mutation: You do not regenerate when monsters are
                  | visible. [Xom's mischief]
  7558 | D:9      | XOM: stat loss: -1 Str (13/14)
  7622 | D:9      | XOM: 8-stop teleportation journey
  7706 | D:9      | XOM: enchant monster (good)
  7767 | D:9      | Noticed Harold
  7778 | D:9      | Killed Harold
  7779 | D:9      | Reached XP level 11. HP: 82/82 MP: 11/11
  7799 | D:9      | Noticed a two-headed ogre
  7807 | D:9      | Killed a two-headed ogre
  7954 | D:9      | Identified the +8 hand axe of an ossuary {freeze, Will+
                  | Str+5}
  8312 | D:10     | Entered Level 10 of the Dungeon
  8646 | D:10     | Reached skill level 15 in Unarmed Combat
  8665 | D:10     | Reached skill level 9 in Dodging
  8674 | D:10     | Found a staircase to the Lair.
  8947 | D:10     | XOM: 1-stop teleportation journey
  8969 | D:10     | XOM: smoke on damage
  9057 | D:10     | XOM: give mutations
  9057 | D:10     | Gained mutation: You occasionally lose the ability to drink
                  | potions when taking damage. [Xom's mischief]
  9057 | D:10     | Gained mutation: Your tail ends in a sharp venomous barb.
                  | [Xom's mischief]
  9057 | D:10     | Lost mutation: You occasionally lose the ability to drink
                  | potions when taking damage. [Xom's mischief]
  9393 | Lair:1   | Entered Level 1 of the Lair of Beasts
  9413 | Lair:1   | Found a transporter.
  9413 | Lair:1   | XOM: 1-stop teleportation journey
  9428 | Lair:1   | Found a transporter.
  9435 | Lair:1   | Noticed a thrashing horror
  9458 | Lair:1   | Found the +8 demon trident "Rift" {distort, reach+}
  9477 | Lair:1   | XOM: 1-stop teleportation journey
  9499 | Lair:1   | XOM: smoke on damage
  9522 | Lair:1   | Reached skill level 4 in Fighting
  9528 | Lair:1   | Reached skill level 10 in Dodging
  9665 | Lair:1   | Noticed a cyan ugly thing
  9671 | Lair:1   | Noticed a white ugly thing
  9703 | Lair:1   | Reached skill level 1 in Shapeshifting
  9928 | Lair:1   | Reached skill level 16 in Unarmed Combat
  9928 | Lair:1   | Reached skill level 2 in Shapeshifting
  9933 | Lair:1   | XOM: 3-stop teleportation journey
  9983 | Lair:1   | XOM: cleaving
  9985 | Lair:1   | Reached XP level 12. HP: 86/92 MP: 12/12
 10021 | Lair:1   | Noticed a boulder beetle
 10028 | Lair:1   | Killed a boulder beetle
 10031 | Lair:1   | Noticed Nyony's ghost (journeyman TrSh)
 10210 | Lair:1   | Reached skill level 3 in Shapeshifting
 10368 | Lair:2   | Noticed a death yak
 10368 | Lair:2   | XOM: summons friendly shadow imp
 10369 | Lair:2   | Noticed a death yak
 10491 | Lair:2   | XOM: cast spell 'Summon Ice Beast'
 10497 | Lair:2   | XOM: summons friendly iron imp
 10497 | Lair:2   | Noticed a death yak
 10497 | Lair:2   | Noticed a death yak
 10498 | Lair:2   | Noticed a death yak
 10500 | Lair:2   | Killed a death yak
 10500 | Lair:2   | XOM: summons 11 friendly demons
 10504 | Lair:2   | Killed a death yak
 10505 | Lair:2   | Reached skill level 4 in Shapeshifting
 10509 | Lair:2   | Killed a death yak
 10513 | Lair:2   | Killed a death yak
 10518 | Lair:2   | Killed a death yak
 10519 | Lair:2   | Reached skill level 5 in Shapeshifting
 10551 | Lair:2   | XOM: cast spell 'Summon Hydra'
 10624 | Lair:2   | Noticed a seven-headed hydra
 10633 | Lair:2   | Killed a seven-headed hydra
 10783 | Lair:2   | Found a staircase to the Snake Pit.
 10854 | Lair:2   | XOM: god gift: 12 gold pieces
 11042 | Lair:2   | Reached skill level 17 in Unarmed Combat
 11047 | Lair:2   | Reached skill level 6 in Shapeshifting
 11048 | Lair:2   | XOM: summons 3 hostile shadow creatures
 11054 | Lair:2   | XOM: cast spell 'Dispersal'
 11208 | Lair:2   | XOM: confuse monster(s)
 11208 | Lair:2   | Noticed Sonja
 11210 | Lair:2   | XOM: divination: magic mapping
 11215 | Lair:2   | XOM: cast spell 'Cause Fear'
 11228 | Lair:2   | XOM: confusion (+ monsters)
 11244 | Lair:2   | Killed Sonja
 11810 | Lair:3   | Reached skill level 7 in Shapeshifting
 11907 | Lair:3   | XOM: smoke on damage
 11958 | Lair:3   | Reached XP level 13. HP: 99/99 MP: 13/13
 12001 | Lair:3   | HP: 7/99 [skyshark (17)]
 12001 | Lair:3   | Slain by a skyshark

Vanquished Creatures
  Harold (D:9)
  A hydra (Lair:2)
  Erica (D:8)
  A boulder beetle (Lair:1)
  5 death yaks (Lair:2)
  2 two-headed ogres
  Sonja (Lair:2)
  Pikel (D:8)
  7 elephants
  A black mamba (Lair:1)
  Maurice (D:8)
  10 cane toads
  Joseph (D:8)
  A gargoyle (D:10)
  A torpor snail (Lair:2)
  2 rime drakes
  2 komodo dragons
  4 polar bears
  7 blink frogs (Lair:1)
  A hornet (D:8)
  A shadow (D:10)
  15 yaks
  3 wyverns
  A wraith (D:10)
  A basilisk (Lair:1)
  3 nagas (Lair:2)
  8 water moccasins
  4 orc warriors
  8 ice beasts
  A sky beast (D:7)
  A hornet zombie (D:7)
  Pargi (Sewer)
  A wolf (D:10)
  4 ogres
  2 centaurs
  A phantom (D:5)
  3 kobold brigands
  6 bullfrogs
  3 wyvern zombies (D:7)
  A gnoll sergeant (D:5)
  A scorpion (D:7)
  13 wights (D:7)
  4 killer bees
  5 howler monkeys
  3 bullfrog zombies (D:7)
  3 centaur zombies (D:7)
  8 orc priests
  2 jellies
  5 hounds
  A sleepcap (D:7)
  Jessica (D:2)
  3 iguanas
  7 orc wizards
  3 killer bee zombies (D:7)
  3 gnolls (D:5)
  5 adders
  4 shadow imps
  3 white imps
  An ufetubus (D:5)
  2 dart slugs
  3 worms
  36 orcs
  9 bats
  7 endoplasms
  5 giant cockroaches
  6 hobgoblins
  A quokka (D:1)
  6 ball pythons
  6 frilled lizards
  13 goblins
  13 kobolds
  4 rats
305 creatures vanquished.

Vanquished Creatures (collateral kills)
  A black mamba (Lair:2)
  An ogre (D:5)
  A killer bee (D:10)
  2 howler monkeys (D:10)
  Robin (D:2)
  An orc (D:10)
  A goblin (D:2)
  A hobgoblin (D:2)
  A rat (D:2)
10 creatures vanquished.

Vanquished Creatures (others)
  An orc wizard (D:5)
1 creature vanquished.

Grand Total: 316 creatures vanquished

Table legend: (Time is in decaauts)
 A = Elapsed time spent in this place.
 B = Non-inter-level travel time spent in this place.
 C = Inter-level travel time spent in this place.
 D = Time resting spent in this place.
 E = Time spent auto-exploring this place.
 F = Levels seen in this place.
 G = Mean time per level.
                   A        B        C        D        E       F      G
               +--------+--------+--------+--------+--------+-----+--------+
         Total |  12373 |  12002 |    371 |   1115 |   8855 |  14 |  883.8 |
       Dungeon |   9476 |   9191 |    285 |    770 |   6892 |  10 |  947.6 |
          Lair |   2685 |   2599 |     86 |    340 |   1801 |   3 |  895.0 |
         Sewer |    210 |    210 |      0 |      4 |    162 |   1 |  210.0 |
               +--------+--------+--------+--------+--------+-----+--------+

Top non-repeatable levels by time:
  Lair:2: 1408 daAuts
     D:8: 1188 daAuts
    D:10: 1118 daAuts
     D:7: 1114 daAuts
     D:3: 1090 daAuts
     D:4: 1053 daAuts
  Lair:1: 1047 daAuts
     D:1: 934 daAuts
     D:9: 924 daAuts
     D:2: 840 daAuts
     D:6: 657 daAuts
     D:5: 553 daAuts
  Lair:3: 228 daAuts
   Sewer: 210 daAuts

Table legend:
 A = Non-vault XP
 B = Vault XP
 C = Vault XP percentage of total XP
 D = Non-vault monster count
 E = Vault monster count
 F = Vault count percentage of total count
                 A         B        C        D         E       F
            +---------+---------+-------+---------+---------+-------
      Total |   30191 |    8914 |  22.8 |     240 |      76 |  24.1
            +---------+---------+-------+---------+---------+-------
        D:1 |      22 |       0 |   0.0 |      13 |       0 |   0.0
        D:2 |      54 |      68 |  55.7 |      26 |      12 |  31.6
        D:3 |      35 |      11 |  23.9 |      13 |       3 |  18.8
        D:4 |     150 |     220 |  59.5 |      18 |       3 |  14.3
        D:5 |     614 |       0 |   0.0 |      15 |       0 |   0.0
        D:6 |     847 |       0 |   0.0 |      27 |       0 |   0.0
        D:7 |     925 |    1705 |  64.8 |      15 |      26 |  63.4
        D:8 |    2304 |    2662 |  53.6 |      19 |       9 |  32.1
        D:9 |    1602 |     892 |  35.8 |      19 |       1 |   5.0
       D:10 |    2501 |    1590 |  38.9 |      19 |       9 |  32.1
     Lair:1 |    6444 |     369 |   5.4 |      19 |       2 |   9.5
     Lair:2 |   11401 |    1265 |  10.0 |      27 |       4 |  12.9
     Lair:3 |    3292 |       0 |   0.0 |      10 |       0 |   0.0
      Sewer |       0 |     132 | 100.0 |       0 |       7 | 100.0
            +---------+---------+-------+---------+---------+-------
